 Dungeon Crawl Stone Soup version 0.27-a0-1416-g941b2bd30b (webtiles) character file.

Game seed: 6830361492008670232

185 trckry the Firebug (level 5, -2/28 HPs)
             Began as a Deep Elf Fire Elementalist on July 2, 2021.
             Slain by a black bear (3 damage)
             ... on level 3 of the Dungeon.
             The game lasted 00:09:44 (2905 turns).

trckry the Firebug (Deep Elf Fire Elementalist)     Turns: 2905, Time: 00:09:44

Health: -2/28      AC:  2    Str:  6    XL:     5   Next: 37%
Magic:  0/13       EV: 13    Int: 20    God:
Gold:   159        SH:  0    Dex: 21    Spells: 8/12 levels left

rFire    . . .     SeeInvis .   d - +3 quarterstaff (chaos)
rCold    . . .     Faith    .   (shield currently unavailable)
rNeg     . . .     Spirit   +   a - +0 robe
rPois    .         Reflect  .   (no helmet)
rElec    .         Harm     .   (no cloak)
rCorr    .         Rampage  .   (no gloves)
Will     .....                  (no boots)
Stlth    ++........             c - amulet of guardian spirit
HPRegen  0.09/turn              n - +6 ring of dexterity
MPRegen  0.13/turn              (no ring)

@: no status effects
A: no striking features
a: no special abilities


You were on level 3 of the Dungeon.
You visited 1 branch of the dungeon, and saw 3 of its levels.

You collected 159 gold pieces.

Inventory:

Hand Weapons
 d - a +3 quarterstaff of chaos (weapon)
Armour
 a - a +0 robe (worn)
 k - a +0 cloak
Jewellery
 c - an amulet of guardian spirit (around neck)
 n - a +6 ring of dexterity (left hand)
Wands
 m - a wand of flame (16)
Scrolls
 b - 3 scrolls of identify {unknown}
 e - a scroll of vulnerability {unknown}
 g - a scroll of immolation {unknown}
 i - a scroll of enchant weapon {unknown}
Potions
 f - a potion of berserk rage {unknown}
 h - a potion of brilliance {unknown}
 j - a potion of haste


   Skills:
 - Level 2.4 Dodging
 - Level 2.4 Stealth
 + Level 4.3 Spellcasting
 * Level 3.7 Conjurations
 * Level 4.9 Fire Magic


You had 8 spell levels left.
You knew the following spells:

 Your Spells              Type           Power      Damage    Failure   Level
a - Foxfire               Conj/Fire      84%        2x1d8     1%          1
b - Conjure Flame         Conj/Fire      21%        6-21      6%          3

Your spell library contained the following spells:

 Spells                   Type           Power      Damage    Failure   Level
 Inner Flame              Hex/Fire       14%        N/A       14%         3
 Poisonous Vapours        Pois/Air       8%         N/A       19%         2
 Sticky Flame             Conj/Fire      21%        2d4       21%         4
 Mephitic Cloud           Conj/Pois/Air  9%         N/A       22%         3
 Fireball                 Conj/Fire      10%        3d6       50%         5
 Cause Fear               Hex            2%         N/A       77%         4
 Freezing Cloud           Conj/Ice/Air   4%         6-21      91%         5
 Discord                  Hex            2%         N/A       100%        8


Dungeon Overview and Level Annotations

Branches:
Dungeon (3/15)

Altars:

Shops:
D:2 :   D:3 (

Annotations:
D:3 2 runed translucent doors, sokol815's ghost, amateur DsGl


Message History

Your foxfire dissipates!
The foxfire hits the black bear!
The black bear is severely wounded.
The black bear goes berserk!
There is an open door here.
Throw: throwing net
Press: ? - help, Q - select action, (/) - cycle Shift-Dir - straight line, f - black bear
Aim: a black bear (severely wounded, berserk, 69% to hit)
You throw a throwing net.
The throwing net closely misses the black bear.
The black bear misses you. The black bear claws you. The black bear misses you.
You take 2 damage, and have 26/28 hp.
You now have 8/13 mp.
You completely miss the black bear.
The black bear is severely wounded.
The black bear barely misses you. The black bear closely misses you. x3
The black bear claws you.
The black bear claws you but does no damage.
You take 4 damage, and have 22/28 hp.
Casting: Foxfire (safe; 1% risk of failure)
Confirm with . or Enter, or press ? or * to list all spells.
You conjure some foxfire!
The foxfire hits the quokka.
The quokka is lightly wounded.
The black bear bites you. The black bear claws you.
The black bear barely misses you.
You take 5 damage, and have 17/28 hp.
You now have 7/13 mp.
The black bear closely misses you. The black bear barely misses you.
The black bear claws you.
You take 1 damage, and have 16/28 hp.
You now have 6/13 mp.
You hit the black bear.
The black bear easily resists.
The black bear is severely wounded.
The black bear bites you!
* * * LOW HITPOINT WARNING * * *
The black bear claws you.
* * * LOW HITPOINT WARNING * * *
The black bear claws you.
* * * LOW HITPOINT WARNING * * *
The black bear bites you.
* * * LOW HITPOINT WARNING * * *
The black bear claws you.
You die...

##########.####.#####≈≈##
..............#.# ###
#######.#####.#.# #.#
#.#.# #.# #.#.######.#
#.# #.#........#
#.#####.#.########
#.......#.........
#########@########
#......v#h# #.......r.#
#.......### #.......#
#........ .........
#.)....... .....(..>.


You could see a black bear (berserk) and a quokka.

Vanquished Creatures
  Crazy Yiuf (D:2)
  Jessica (D:2)
  Ijyb (D:3)
  6 adders (D:2)
  A worm (D:3)
  A dart slug (D:3)
  8 ball pythons
  4 endoplasms
  A giant cockroach (D:2)
  2 goblins (D:1)
  5 hobgoblins
  4 jackals (D:2)
  3 quokkas (D:2)
  3 bats
  5 kobolds
46 creatures vanquished.

Vanquished Creatures (others)
  197 foxfires
  A fungus (D:2)
198 creatures vanquished.

Grand Total: 244 creatures vanquished

Notes
Turn   | Place    | Note
-------+----------+-------------------------------------------
     0 | D:1      | trckry the Deep Elf Fire Elementalist began the quest for
                  | the Orb.
     0 | D:1      | Reached XP level 1. HP: 10/10 MP: 6/6
   564 | D:1      | Reached XP level 2. HP: 15/15 MP: 2/8
  1173 | D:2      | Found Akybik's Book Emporium.
  1213 | D:2      | Reached XP level 3. HP: 19/19 MP: 6/10
  1497 | D:2      | Noticed Jessica
  1501 | D:2      | Killed Jessica
  1502 | D:2      | Reached XP level 4. HP: 24/24 MP: 4/11
  2210 | D:2      | Found a runed translucent door.
  2216 | D:2      | Learned a level 3 spell: Conjure Flame
  2217 | D:2      | Noticed Crazy Yiuf
  2402 | D:2      | Killed Crazy Yiuf
  2403 | D:2      | Reached XP level 5. HP: 28/28 MP: 2/13
  2547 | D:3      | Noticed Ijyb
  2555 | D:3      | Killed Ijyb
  2659 | D:3      | Found Ysteuf's Antique Weapon Boutique.
  2731 | D:3      | Found a large runed translucent door.
  2731 | D:3      | Found a large runed translucent door.
  2733 | D:3      | Noticed sokol815's ghost (amateur DsGl)
  2894 | D:3      | Noticed a black bear
  2905 | D:3      | HP: 4/28 [black bear (2)]
  2905 | D:3      | HP: 1/28 [black bear (3)]
  2905 | D:3      | Slain by a black bear

Illustrated notes

Levels and vault maps discovered:
D:1:      lemuel_arrival_behind_the_door_small, layout_basic, serial_glass,
          glass_columns_b, glass_columns_a, glass_columns_b, glass_columns_b,
          glass_columns_a, glass_columns_b, due_unseen_surprise, chequers_avenue
D:2:      minmay_general_purpose_star, layout_rooms, serial_shops, shop,
          uniq_jessica, uniq_crazy_yiuf_cottage
D:3:      layout_basic, ebering_ghost_disaster_area,
          chequers_ecumenical_altar_simple, serial_shops, shop, uniq_ijyb

Skill      XL: |  1  2  3  4 |
---------------+-------------+-----
Conjurations   | 2 3 |  3.7
Fire Magic     | 4 |  4.9
Spellcasting   | 4 |  4.3
Dodging        | |  2.4
Stealth        | |  2.4

Action                   |  1- 3 |  4- 6 || total
-------------------------+-------+-------++-------
Melee: Unarmed           |       |     1 ||     1
       Quarterstaff      |       |     2 ||     2
Throw: Throwing net      |       |     2 ||     2
 Cast: Foxfire           |    50 |    71 ||   121
       Conjure Flame     |       |     2 ||     2
  Use: Potion            |       |     1 ||     1
Armor: Robe              |       |     1 ||     1
Dodge: Dodged            |    10 |    15 ||    25

Table legend: (Time is in decaauts)
 A = Elapsed time spent in this place.
 B = Non-inter-level travel time spent in this place.
 C = Inter-level travel time spent in this place.
 D = Time resting spent in this place.
 E = Time spent auto-exploring this place.
 F = Levels seen in this place.
 G = Mean time per level.
                   A        B        C        D        E       F      G
               +--------+--------+--------+--------+--------+-----+--------+
         Total |   2885 |   2824 |     61 |      0 |   2350 |   3 |  961.7 |
       Dungeon |   2885 |   2824 |     61 |      0 |   2350 |   3 |  961.7 |
               +--------+--------+--------+--------+--------+-----+--------+

Top non-repeatable levels by time:
     D:2: 1576 daAuts
     D:1: 950 daAuts
     D:3: 358 daAuts
